[Event "Titled Tuesday Blitz November 29 Early 2022"]
[White "Petrova, Irina"]
[Black "Adel, Sara"]
[WhiteFideId "14124122"]
[BlackFideId "10616764"]
[WhiteElo "2023"]
[BlackElo "1994"]
[Result "1/2-1/2"]
[Round "03"]
[TimeControl "180+1"]
[Date "2022.11.30"]
[WhiteClock "0:00:22"]
[BlackClock "0:00:22"]

1. e4 c6 2. d4 d5 3. Nc3 dxe4 4. Nxe4 Bf5 5. Ng3 Bg6 6. h4 h6 7. Nf3 Nd7 8. h5 Bh7 9. Bd3 Bxd3 10. Qxd3 Ngf6 11. Bd2 e6 12. O-O-O a5 13. Ne4 a4 14. Kb1 a3 15. b3 Nxe4 16. Qxe4 Nf6 17. Qe2 Qd5 18. Ne5 Bd6 19. f3 Qxd4 20. Nc4 Nd5 21. Nxd6+ Kf8 22. c3 Nxc3+ 23. Bxc3 Qxc3 24. Qc2 Qe5 25. Nxb7 Ke7 26. Rhe1 Qxh5 27. Qxc6 Qf5+ 28. Qe4 Qg5 29. Qb4+ Kf6 30. Qc3+ Kg6 31. Qd3+ Kf6 32. Nc5 Qxc5 33. Re4 Rhd8 34. Rd4 Qe5 35. f4 Qxd4 36. Qxd4+ Rxd4 37. Rxd4 e5 38. fxe5+ Kxe5 39. Rg4 g5 40. b4 f5 41. Rg3 Rb8 42. Rb3 f4 43. Kc2 g4 44. Kd2 Ke4 45. Ke2 Rc8 46. Rxa3 Rc2+ 47. Kf1 f3 48. gxf3+ gxf3 49. b5 Rb2 50. Rb3 Rxa2 51. b6 Ra8 52. b7 Rb8 53. Kf2 h5 54. Rb4+ Kf5 55. Kxf3 Kg5 56. Kg3 h4+ 57. Kh3 Kh5 58. Rb5+ Kg6 59. Kxh4 Kf7 60. Kg5 Ke7 61. Kf5 Kd7 62. Ke5 Kc7 63. Kd5 Rxb7 64. Rxb7+ Kxb7 1/2-1/2


[Site "https://www.chess.com"]

[Event "Titled Tuesday Blitz November 29 Early 2022"]
[White "Poltorak, Sebastian"]
[Black "Riehle, Marco"]
[WhiteFideId "1199498"]
[BlackFideId "12904392"]
[WhiteElo "2196"]
[BlackElo "2462"]
[Result "1-0"]
[Round "03"]
[TimeControl "180+1"]
[Date "2022.11.30"]
[WhiteClock "0:00:05"]
[BlackClock "0:00:02"]

1. d4 d5 2. c4 e6 3. Nc3 c5 4. cxd5 cxd4 5. Qxd4 Nc6 6. Qa4 exd5 7. e3 d4 8. exd4 Qxd4 9. Bb5 Qxa4 10. Bxa4 Bb4 11. Nf3 Bd7 12. O-O Bxc3 13. bxc3 Nge7 14. Ba3 O-O-O 15. Ng5 Be8 16. Bxe7 Nxe7 17. Bxe8 Rhxe8 18. Nxf7 Rd3 19. Rad1 Rxd1 20. Rxd1 Kc7 21. Ne5 Nf5 22. f4 Nd6 23. Kf2 a5 24. g3 b5 25. Rd5 a4 26. Ke3 h5 27. Kd4 Rb8 28. Rc5+ Kb7 29. Rd5 Kc7 30. Kc5 Ne4+ 31. Kb4 Nd6 32. Rc5+ Kb7 33. Rc6 Rd8 34. Rc5 Rb8 35. a3 h4 36. Rd5 Kc7 37. g4 h3 38. f5 Re8 39. Kc5 Ne4+ 40. Kd4 Nd6 41. Rc5+ Kb7 42. Kd5 Rd8 43. Nc6 Rd7 44. Ne5 Rd8 45. Ke6 Ne4 46. Rxb5+ Ka6 47. Rb4 Nxc3 48. Rc4 Ne2 49. Rxa4+ Kb6 50. Rb4+ Ka6 51. Nc6 Rd2 52. a4 Nc3 53. Rb3 Nxa4 54. Rxh3 Kb6 55. Ne5 Re2 56. f6 Nc5+ 57. Kf5 gxf6 58. Kxf6 Ne4+ 59. Kg7 Ng5 60. Rh6+ Kc7 61. Nf7 Ne6+ 62. Kf6 Nf4 63. Ng5 Rf2 64. Kg7 Kd7 65. h4 Ke7 66. Ne4 Rg2 67. g5 Ne6+ 68. Kh8 Ra2 69. Rh7+ Kf8 70. Nf6 Ra8 71. Rb7 Nd8 72. Rd7 Nf7+ 73. Kh7 Ne5 74. Rb7 Nf7 75. g6 Nd6 76. g7# 1-0


[Site "https://www.chess.com"]

[Event "Titled Tuesday Blitz November 29 Early 2022"]
[White "Postnikov, Daniil"]
[Black "Pranav, V"]
[WhiteFideId "4166329"]
[BlackFideId "25060783"]
[WhiteElo "2261"]
[BlackElo "2430"]
[Result "0-1"]
[Round "03"]
[TimeControl "180+1"]
[Date "2022.11.30"]
[WhiteClock "0:00:02"]
[BlackClock "0:01:21"]

1. e4 e5 2. f4 Bc5 3. Nf3 d6 4. c3 Bb6 5. d4 exd4 6. cxd4 Nf6 7. Nc3 O-O 8. Bd3 Bg4 9. Be3 Nc6 10. Bc2 Re8 11. O-O Nb4 12. Bb1 Nbd5 13. Nxd5 Nxd5 14. Qd2 Nxe3 15. Qxe3 Bxf3 16. gxf3 Qf6 17. Rd1 c5 18. Bd3 cxd4 19. Qd2 Rac8 20. Kh1 Rc5 21. Rg1 Rh5 22. Rg3 Qh6 23. Rag1 g6 24. R1g2 Rc8 25. Rg5 Rh3 26. Rf2 Bd8 27. Rg1 Bh4 28. Rfg2 Bf6 29. Rg3 Bd8 30. Rxh3 Qxh3 31. f5 Qxf3+ 32. Rg2 Ba5 33. Qe2 Rc1+ 0-1


[Site "https://www.chess.com"]

[Event "Titled Tuesday Blitz November 29 Early 2022"]
[White "Pourkashiyan, Atousa"]
[Black "Floresvillar Gonzalez, Luis Migu"]
[WhiteFideId "12502014"]
[BlackFideId "5100542"]
[WhiteElo "2247"]
[BlackElo "2040"]
[Result "1-0"]
[Round "03"]
[TimeControl "180+1"]
[Date "2022.11.30"]
[WhiteClock "0:00:11"]
[BlackClock "0:00:25"]

1. e4 e6 2. d4 d5 3. Nd2 Nf6 4. e5 Nfd7 5. Bd3 c5 6. c3 Nc6 7. Ne2 Qb6 8. Nf3 cxd4 9. cxd4 Bb4+ 10. Bd2 a5 11. O-O f5 12. exf6 Nxf6 13. Nc3 Bd7 14. Re1 O-O 15. Bg5 Rae8 16. Bc2 g6 17. Bh6 Rf7 18. Ng5 Rfe7 19. Nf3 Rf7 20. h3 Bf8 21. Bg5 Bg7 22. Ba4 Qxb2 23. Rc1 Qa3 24. Bxc6 bxc6 25. Ne5 1-0


[Site "https://www.chess.com"]

[Event "Titled Tuesday Blitz November 29 Early 2022"]
[White "Praggnanandhaa R"]
[Black "Boros, Denes"]
[WhiteFideId "25059530"]
[BlackFideId "722340"]
[WhiteElo "2599"]
[BlackElo "2464"]
[Result "0-1"]
[Round "03"]
[TimeControl "180+1"]
[Date "2022.11.30"]
[WhiteClock "0:00:01"]
[BlackClock "0:00:24"]

1. c3 c5 2. Nf3 Nf6 3. g3 Nc6 4. d4 e6 5. Bg2 cxd4 6. cxd4 d5 7. Nc3 Be7 8. O-O O-O 9. Ne5 Qb6 10. Nxc6 bxc6 11. Na4 Qa5 12. Bd2 Qb5 13. Rc1 Ba6 14. Re1 Rac8 15. Qc2 Nd7 16. b4 h6 17. Rb1 Qc4 18. Qb2 Qb5 19. Nc3 Qb7 20. Na4 Bf6 21. Bc3 Rfe8 22. Qc2 Qc7 23. Rec1 h5 24. h4 e5 25. dxe5 Nxe5 26. Nc5 Bc4 27. Re1 Rcd8 28. Rbd1 Qb6 29. a3 a5 0-1


[Site "https://www.chess.com"]

[Event "Titled Tuesday Blitz November 29 Early 2022"]
[White "Putnam, Liam"]
[Black "Przybylski, Wojciech"]
[WhiteFideId "30938279"]
[BlackFideId "1117599"]
[WhiteElo "2082"]
[BlackElo "2221"]
[Result "1-0"]
[Round "03"]
[TimeControl "180+1"]
[Date "2022.11.30"]
[WhiteClock "0:01:06"]
[BlackClock "0:00:02"]

1. e4 e5 2. Nf3 Nf6 3. Nxe5 d6 4. Nf3 Nxe4 5. d4 d5 6. Bd3 Bd6 7. O-O O-O 8. Re1 Bf5 9. c4 c6 10. Nc3 Nxc3 11. bxc3 Bxd3 12. Qxd3 dxc4 13. Qxc4 Nd7 14. Rb1 Qc7 15. Bd2 b5 16. Qd3 a6 17. h3 h6 18. Nh4 Rfe8 19. Nf5 Bf8 20. Qf3 c5 21. Bf4 Qb6 22. Qg4 Nf6 23. Nxh6+ Kh7 24. Qf5+ g6 25. Qg5 cxd4 26. cxd4 Ne4 27. Qh4 Bxh6 28. Bxh6 Qc6 29. Bg5+ Kg8 30. Rbc1 Nxg5 31. Rxc6 Rxe1+ 32. Kh2 Ne6 33. d5 Ng7 34. Rd6 Nf5 35. Rd8+ Rxd8 36. Qxd8+ Kg7 37. d6 Rd1 38. d7 Rd2 39. Qe8 Nd6 40. d8=Q Nxe8 41. Qxd2 Nf6 42. Qd4 1-0


[Site "https://www.chess.com"]

[Event "Titled Tuesday Blitz November 29 Early 2022"]
[White "Putri, Regita Desyari"]
[Black "Shyaamnikhil P"]
[WhiteFideId "7109083"]
[BlackFideId "5024218"]
[WhiteElo "1930"]
[BlackElo "2389"]
[Result "0-1"]
[Round "03"]
[TimeControl "180+1"]
[Date "2022.11.30"]
[WhiteClock "0:00:17"]
[BlackClock "0:00:29"]

1. e4 c6 2. d4 d5 3. exd5 cxd5 4. c4 Nf6 5. Nf3 g6 6. cxd5 Bg7 7. Nc3 O-O 8. Be2 Nxd5 9. O-O Nc6 10. Bc4 Be6 11. Bb3 Na5 12. Nxd5 Bxd5 13. Bxd5 Qxd5 14. Bd2 Nc4 15. Bc3 Rfd8 16. Qb3 Rd6 17. Rad1 Rb6 18. Qc2 Rc8 19. Qe2 e6 20. Rfe1 Rbc6 21. Ne5 Nxe5 22. dxe5 Qxa2 23. Rd7 R6c7 24. Rd3 b5 25. Red1 Rxc3 26. Rxc3 Rxc3 27. Qxb5 Rc8 28. Qb7 Rf8 29. Qb5 a6 30. Qe2 Rb8 31. h4 Qxb2 32. Qxa6 Qxe5 33. Qa7 h5 34. g3 Rf8 35. Rd7 Bf6 36. Kg2 Kg7 37. Kh2 g5 38. hxg5 Qxg5 39. Kg2 h4 40. Qa4 hxg3 41. fxg3 Rd8 42. Rxd8 Bxd8 43. Qb4 Be7 44. Qc4 Qd2+ 45. Kh3 Qd5 46. Qg4+ Bg5 47. Kh2 f5 48. Qxg5+ Kf7 49. Qh5+ Ke7 50. Qh4+ Kd7 51. Qa4+ Qc6 52. Qd4+ Qd6 53. Qg7+ Kd8 54. Qf6+ Kc7 55. Qc3+ Qc6 56. Qe5+ Kb7 57. Qb2+ Qb6 58. Qg2+ Kb8 59. Qe2 Qc6 60. Qe5+ Ka7 61. Qa5+ Kb7 62. Qb4+ Ka6 63. Qd2 Qd5 64. Qe2+ Kb6 65. Qb2+ Kc5 66. Qc3+ Qc4 67. Qe5+ Kb4 68. Qb2+ Ka4 69. Qb8 Qe2+ 70. Kh3 Qg4+ 71. Kg2 Qe4+ 72. Kh2 Ka3 73. Qd6+ Kb2 74. Qd2+ Qc2 75. Qxc2+ Kxc2 76. Kg2 Kd2 77. Kf3 e5 78. g4 fxg4+ 79. Kxg4 e4 80. Kg3 e3 0-1


[Site "https://www.chess.com"]

[Event "Titled Tuesday Blitz November 29 Early 2022"]
[White "Quinones Garcia, Santiago"]
[Black "Sadykov, Ramil"]
[WhiteFideId "4408497"]
[BlackFideId "24113590"]
[WhiteElo "2249"]
[BlackElo "2245"]
[Result "0-1"]
[Round "03"]
[TimeControl "180+1"]
[Date "2022.11.30"]
[WhiteClock "0:00:03"]
[BlackClock "0:00:41"]

1. e4 c5 2. Nf3 Nc6 3. Bb5 g6 4. c3 Nf6 5. Qe2 Bg7 6. O-O O-O 7. Rd1 a6 8. Ba4 b5 9. Bc2 Bb7 10. d3 Rc8 11. Be3 d6 12. a3 h6 13. h3 Nd7 14. Nbd2 Nb6 15. Rac1 b4 16. axb4 cxb4 17. Bb1 bxc3 18. bxc3 Na4 19. d4 Na5 20. Qd3 Nb2 21. Qc2 Nxd1 22. Qxd1 Bc6 23. c4 Qd7 24. Bd3 Ba4 25. Qe2 Nb3 26. Nxb3 Bxb3 27. Ra1 Ra8 28. Ra3 Rfb8 29. Qd2 Ba4 30. Qa5 Bc6 31. d5 Bb7 32. c5 dxc5 33. Qxc5 e6 34. dxe6 Qxe6 35. Nd4 Qd7 36. Qc4 Rc8 37. Qb3 Rab8 38. Nf3 Bxe4 39. Qd1 Bb2 0-1


[Site "https://www.chess.com"]

[Event "Titled Tuesday Blitz November 29 Early 2022"]
[White "Rangel, Daniel"]
[Black "Zaksaite, Salomeja"]
[WhiteFideId "2124475"]
[BlackFideId "12801496"]
[WhiteElo "2225"]
[BlackElo "2079"]
[Result "1-0"]
[Round "03"]
[TimeControl "180+1"]
[Date "2022.11.30"]
[WhiteClock "0:00:34"]
[BlackClock "0:00:01"]

1. d4 Nf6 2. c4 g6 3. Nc3 d6 4. e4 Bg7 5. Nf3 O-O 6. Be2 e5 7. O-O exd4 8. Nxd4 Nc6 9. Nxc6 bxc6 10. f3 Rb8 11. Qc2 d5 12. e5 Nd7 13. f4 Nc5 14. Rd1 Bf5 15. Qd2 Ne4 16. Nxe4 Bxe4 17. Bd3 Bxd3 18. Qxd3 dxc4 19. Qe2 Qe7 20. Qxc4 Qe6 21. Qc2 f6 22. exf6 Bxf6 23. g3 Rfe8 24. Rb1 c5 25. Qxc5 Qe4 26. Qd5+ Qxd5 27. Rxd5 Re1+ 28. Kf2 Rh1 29. Kg2 Re1 30. b3 Re2+ 31. Kf3 Rxa2 32. h4 Rb6 33. Be3 Re6 34. Rc1 Ra3 35. Rd3 1-0


[Site "https://www.chess.com"]

[Event "Titled Tuesday Blitz November 29 Early 2022"]
[White "Remizov, Yaroslav"]
[Black "Dubov, Daniil"]
[WhiteFideId "34134015"]
[BlackFideId "24126055"]
[WhiteElo "2414"]
[BlackElo "2791"]
[Result "0-1"]
[Round "03"]
[TimeControl "180+1"]
[Date "2022.11.30"]
[WhiteClock "0:00:05"]
[BlackClock "0:01:42"]

1. d4 Nf6 2. Nf3 d5 3. c4 e6 4. Bg5 h6 5. Bh4 dxc4 6. Nc3 Be7 7. e3 c5 8. Bxc4 cxd4 9. exd4 O-O 10. O-O Nc6 11. a3 Nh5 12. Bxe7 Nxe7 13. Ne5 Nf6 14. Rc1 b6 15. Qf3 Rb8 16. Rfd1 Bb7 17. Qh3 Ned5 18. Nxd5 Nxd5 19. Qg3 Rc8 20. Be2 Qg5 21. Qxg5 hxg5 22. Bf3 Rfd8 23. g3 f6 24. Nd3 Kf7 25. h3 Ke7 26. Kg2 a5 27. Rxc8 Rxc8 28. Rc1 Rxc1 29. Nxc1 Kd6 30. Ne2 Bc6 31. h4 g4 32. Bxg4 Ne3+ 33. Kh3 Nd1 34. Kh2 Nxf2 35. Bh5 Nd3 36. b3 Bd5 37. Bg6 f5 38. g4 Bf3 39. gxf5 Bxe2 40. fxe6 Kxe6 41. Kg2 Nf4+ 42. Kf2 Nxg6 43. Kxe2 Nxh4 0-1


[Site "https://www.chess.com"]

[Event "Titled Tuesday Blitz November 29 Early 2022"]
[White "Rian, Kapriaga"]
[Black "Stankovic, Ivan G"]
[WhiteFideId "7103263"]
[BlackFideId "902837"]
[WhiteElo "2072"]
[BlackElo "2226"]
[Result "1-0"]
[Round "03"]
[TimeControl "180+1"]
[Date "2022.11.30"]
[WhiteClock "0:00:21"]
[BlackClock "0:01:20"]

1. d4 d5 2. Nf3 Nf6 3. Bf4 c5 4. e3 Nc6 5. Nbd2 Qb6 6. dxc5 Qxc5 7. c4 d4 8. a3 e5 9. exd4 exd4 10. Bd3 Bg4 11. O-O O-O-O 12. h3 Bh5 13. b4 Qe7 14. Re1 Qd7 15. Qc2 Bg6 16. Rad1 Bd6 17. Bxd6 Qxd6 18. Nb3 Rhe8 19. Rxe8 Rxe8 20. Bxg6 hxg6 21. Nbxd4 Nxd4 22. Rxd4 Qe6 23. c5 Qe2 24. Qa4 Kb8 25. c6 Ne4 26. c7+ Kxc7 27. Qd7+ Kb6 28. Rd6+ Nxd6 29. Qxd6+ Kb5 30. Nd4+ Ka4 31. Nxe2 1-0


[Site "https://www.chess.com"]

[Event "Titled Tuesday Blitz November 29 Early 2022"]
[White "Rios Escobar, Adan"]
[Black "Melikyan, Gnel"]
[WhiteFideId "3403645"]
[BlackFideId "54109990"]
[WhiteElo "2330"]
[BlackElo "2138"]
[Result "0-1"]
[Round "03"]
[TimeControl "180+1"]
[Date "2022.11.30"]
[WhiteClock "0:00:12"]
[BlackClock "0:01:20"]

1. d4 d6 2. g3 Nf6 3. Bg2 c6 4. a4 g6 5. e4 Bg7 6. Ne2 O-O 7. O-O Nbd7 8. Nbc3 Re8 9. h3 e5 10. Be3 exd4 11. Bxd4 Qc7 12. g4 b6 13. Ng3 Ba6 14. Re1 Bh6 15. Nce2 d5 16. exd5 Nxd5 17. Ne4 Ne5 18. g5 Bg7 19. b3 Rad8 20. c4 Nb4 21. Qb1 c5 22. Bc3 Bb7 23. Nf6+ Bxf6 24. gxf6 Bxg2 25. Bxe5 Qxe5 26. Kxg2 Nd3 27. Kf1 Nxe1 28. Qxe1 Qxf6 29. Rd1 Rxd1 30. Qxd1 Rd8 31. Qc1 Qf3 32. Ng1 Rd1+ 33. Qxd1 Qxd1+ 34. Kg2 Qxb3 35. h4 Qxc4 36. h5 Qxa4 37. h6 Qf4 38. f3 Qxh6 39. Ne2 Qe3 40. f4 Qxe2+ 41. Kg3 Qe3+ 42. Kg4 h5+ 43. Kg5 Kg7 44. Kh4 Qxf4+ 45. Kh3 Qg4+ 46. Kh2 Kf6 47. Kh1 Kg5 48. Kh2 Kf4 49. Kh1 Kf3 50. Kh2 Qg2# 0-1


[Site "https://www.chess.com"]

[Event "Titled Tuesday Blitz November 29 Early 2022"]
[White "Ronka, Erik"]
[Black "Prithu Gupta"]
[WhiteFideId "505080"]
[BlackFideId "46618546"]
[WhiteElo "2264"]
[BlackElo "2344"]
[Result "1-0"]
[Round "03"]
[TimeControl "180+1"]
[Date "2022.11.30"]
[WhiteClock "0:00:04"]
[BlackClock "0:00:02"]

1. e4 e5 2. f4 exf4 3. Nf3 Nf6 4. Nc3 d5 5. exd5 Nxd5 6. Nxd5 Qxd5 7. d4 c5 8. Bxf4 cxd4 9. Qxd4 Qxd4 10. Nxd4 a6 11. O-O-O Bc5 12. Nb3 Be7 13. Re1 Nc6 14. Bc4 Bf5 15. Bd5 Nb4 16. Bxb7 Rd8 17. Be4 Bxe4 18. Rxe4 Nxa2+ 19. Kb1 Nb4 20. Rhe1 Nd5 21. Nd4 Kf8 22. Nc6 Rd7 23. Bg3 Rb7 24. Ka1 f5 25. Re5 Bf6 26. Rxd5 Rxb2 27. Be5 Kf7 28. Bxf6 Rxc2 29. Bb2 Rxc6 30. Rd7+ Kg6 31. Rxg7+ Kh5 32. h3 Rb8 33. g4+ Kh4 34. gxf5 1-0


[Site "https://www.chess.com"]

[Event "Titled Tuesday Blitz November 29 Early 2022"]
[White "Rose, Felix"]
[Black "Fernandez Garcia, Gumersindo"]
[WhiteFideId "5105722"]
[BlackFideId "24516740"]
[WhiteElo "2039"]
[BlackElo "2140"]
[Result "0-1"]
[Round "03"]
[TimeControl "180+1"]
[Date "2022.11.30"]
[WhiteClock "0:00:14"]
[BlackClock "0:00:31"]

1. e4 d6 2. d4 Nf6 3. Nc3 e5 4. dxe5 dxe5 5. Qxd8+ Kxd8 6. Bc4 Ke8 7. Bg5 Bb4 8. Bxf6 gxf6 9. Ne2 c6 10. a3 Ba5 11. O-O-O Nd7 12. Bb3 Nc5 13. Ba2 Ne6 14. g3 Bb6 15. f3 Ng5 16. Rd3 h5 17. Na4 Bc7 18. h4 Ne6 19. Bxe6 fxe6 20. g4 Ke7 21. g5 fxg5 22. hxg5 b5 23. Nac3 a5 24. Nd1 Ba6 25. Ng3 h4 26. Nf1 Rag8 27. Rg1 Bb6 28. Rg4 b4 29. axb4 Bxd3 30. cxd3 axb4 0-1


[Site "https://www.chess.com"]

[Event "Titled Tuesday Blitz November 29 Early 2022"]
[White "Rosenberg, Evan S"]
[Black "Ambartsumova, Karina"]
[WhiteFideId "2019299"]
[BlackFideId "4166299"]
[WhiteElo "2393"]
[BlackElo "2319"]
[Result "1-0"]
[Round "03"]
[TimeControl "180+1"]
[Date "2022.11.30"]
[WhiteClock "0:00:11"]
[BlackClock "0:00:01"]

1. d4 Nf6 2. Nf3 e6 3. g3 d5 4. Bg2 b5 5. a4 b4 6. c4 Be7 7. O-O O-O 8. a5 c5 9. cxd5 exd5 10. dxc5 Na6 11. Ne5 Qc7 12. Bf4 Qxc5 13. Nd2 Bf5 14. Rc1 Qb5 15. Nc6 Rfe8 16. Nd4 Qd7 17. Rc6 Nc5 18. Rc7 Qd8 19. Nxf5 Bf8 20. Nb3 Ne6 21. Rc1 Nxf4 22. gxf4 Qd7 23. Nfd4 Ne4 24. e3 a6 25. Nf3 Qf5 26. Nbd4 Qd7 27. Ne5 Qb7 28. f3 Nf6 29. Kh1 Rad8 30. Rg1 g6 31. Bh3 Bg7 32. Qe1 Nh5 33. Qh4 Kh8 34. Nf5 Bf6 35. Qg4 Ng7 36. Nxg7 Bxg7 37. Rcd1 Bxe5 38. fxe5 Rxe5 39. Qd4 f6 40. f4 Rxe3 41. Qxf6+ Kg8 42. Qxd8+ Kg7 43. Qxd5 Qe7 44. Qd4+ Kh6 45. Bg4 Re4 46. Qf2 1-0


[Site "https://www.chess.com"]

[Event "Titled Tuesday Blitz November 29 Early 2022"]
[White "Rustemov, Alexander"]
[Black "Aloma Vidal, Robert"]
[WhiteFideId "4119002"]
[BlackFideId "2260409"]
[WhiteElo "2872"]
[BlackElo "2435"]
[Result "1-0"]
[Round "03"]
[TimeControl "180+1"]
[Date "2022.11.30"]
[WhiteClock "0:00:46"]
[BlackClock "0:00:01"]

1. d4 d5 2. c4 c6 3. Nc3 Nf6 4. e3 e6 5. Nf3 Nbd7 6. Qc2 a5 7. Bd3 dxc4 8. Bxc4 b5 9. Bd3 Bb7 10. O-O Be7 11. e4 b4 12. Na4 h6 13. h3 O-O 14. Be3 Rc8 15. Rac1 Re8 16. Rfd1 Qc7 17. Qd2 c5 18. dxc5 Bc6 19. Nb6 Nxb6 20. cxb6 Qb7 21. Qe2 Rcd8 22. Ba6 Rxd1+ 23. Rxd1 Qa8 24. Bb5 Nxe4 25. Ne5 Bxb5 26. Qxb5 Nd6 27. Qd7 Qc8 28. Rxd6 Bxd6 29. Qxd6 f6 30. Nc6 Kh7 31. Qc7 Qa6 32. b7 Qc4 33. b3 Qd5 34. b8=Q Rxb8 35. Nxb8 1-0


[Site "https://www.chess.com"]

[Event "Titled Tuesday Blitz November 29 Early 2022"]
[White "Sailer, Mike"]
[Black "Sukandar, Irine Kharisma"]
[WhiteFideId "2012901"]
[BlackFideId "7101937"]
[WhiteElo "2109"]
[BlackElo "2301"]
[Result "0-1"]
[Round "03"]
[TimeControl "180+1"]
[Date "2022.11.30"]
[WhiteClock "0:00:03"]
[BlackClock "0:00:45"]

1. Nf3 c5 2. c4 Nf6 3. g3 g6 4. Bg2 Bg7 5. O-O Nc6 6. Nc3 h5 7. h4 d6 8. d4 cxd4 9. Nxd4 Bd7 10. Bg5 O-O 11. e4 Rc8 12. Rc1 Nxe4 13. Nxc6 Nxc3 14. Nxe7+ Qxe7 15. Bxe7 Nxd1 16. Bxf8 Kxf8 17. Rcxd1 Bxb2 18. Rxd6 Bf5 19. Bxb7 Rxc4 20. Rd8+ Kg7 21. Ra8 Bd4 22. Bd5 Rc3 23. Kg2 Rc5 24. Rd8 Bf6 25. Rd6 Rxd5 26. Rxd5 Be4+ 27. f3 Bxd5 28. a3 Bb2 29. a4 a5 30. Rb1 Bc3 31. Rc1 Bb4 32. Rd1 Bb3 33. Rd7 Bxa4 34. g4 Bxd7 0-1


[Site "https://www.chess.com"]

[Event "Titled Tuesday Blitz November 29 Early 2022"]
[White "Salinas Herrera, Pablo"]
[Black "Li, Hui"]
[WhiteFideId "3407128"]
[BlackFideId "15400310"]
[WhiteElo "2557"]
[BlackElo "1954"]
[Result "1-0"]
[Round "03"]
[TimeControl "180+1"]
[Date "2022.11.30"]
[WhiteClock "0:00:34"]
[BlackClock "0:00:02"]

1. d4 Nf6 2. Bf4 d5 3. e3 c5 4. Nf3 Nc6 5. Nbd2 cxd4 6. exd4 Qb6 7. Nb3 Bg4 8. c3 e6 9. Bd3 Qd8 10. O-O Bd6 11. Be3 O-O 12. Re1 Bh5 13. Nbd2 Rc8 14. a4 a6 15. Bg5 Bg6 16. Bxg6 hxg6 17. Ne5 Qc7 18. Ndf3 Ne4 19. Bh4 Rfe8 20. Nd3 b5 21. axb5 axb5 22. Rc1 Ne7 23. Bg3 Nf5 24. Bxd6 Nfxd6 25. Nfe5 Nc4 26. Re2 Nxe5 27. dxe5 Nc5 28. Nb4 Ne4 29. Qe1 Nc5 30. Rd1 Ne4 31. f3 Nc5 32. h4 Ra8 33. Kh2 Nd7 34. Qg3 Nb6 35. Nc2 Nc4 36. Nd4 b4 37. cxb4 Qb6 38. b5 Rec8 39. Qg5 Ra2 40. Nc6 Rxc6 41. bxc6 Qxc6 42. Rc1 Qb5 43. h5 Rxb2 44. Rxb2 Qxb2 45. hxg6 Qxe5+ 46. Qxe5 Nxe5 47. gxf7+ Kxf7 48. Kg3 Kf6 49. Rc8 Ng6 50. Kf2 Ne5 51. Ke3 Nf7 52. Ra8 Nd6 53. Ra6 Nf5+ 54. Kf2 Nd4 55. g4 g6 56. Ke3 Nc2+ 57. Kf4 g5+ 58. Kg3 Nd4 59. Ra8 Ne2+ 60. Kf2 Nf4 61. Ke3 Ng2+ 62. Kd4 Ne1 63. Ke3 Ng2+ 64. Kd2 Nf4 65. Rf8+ Kg7 66. Ra8 Kf6 67. Ra2 Ng2 68. Kd3 Nf4+ 69. Kd4 e5+ 70. Kc5 e4 71. fxe4 dxe4 72. Kd4 e3 73. Kxe3 Ke5 74. Ra5+ Kf6 75. Ke4 Ne2 76. Ra6+ Kg7 77. Kf5 Nd4+ 78. Kxg5 Nf3+ 79. Kf4 Nd4 80. g5 Ne2+ 81. Kg4 Nd4 82. Kh5 Ne2 83. Ra7+ Kg8 84. Kh6 Nd4 85. g6 Nf5+ 86. Kg5 Nd4 87. Re7 Kf8 88. g7+ Kxe7 89. g8=Q Ne6+ 90. Kf5 Nd4+ 91. Ke4 Ne6 92. Ke5 Nc5 93. Qh7+ Kd8 94. Kd5 Nd3 95. Qxd3 1-0


[Site "https://www.chess.com"]

[Event "Titled Tuesday Blitz November 29 Early 2022"]
[White "Santos Ruiz, Miguel"]
[Black "Bowden, Karl"]
[WhiteFideId "22291482"]
[BlackFideId "400548"]
[WhiteElo "2503"]
[BlackElo "2497"]
[Result "1-0"]
[Round "03"]
[TimeControl "180+1"]
[Date "2022.11.30"]
[WhiteClock "0:00:33"]
[BlackClock "0:00:12"]

1. e4 e5 2. Nf3 d5 3. exd5 e4 4. Qe2 Nf6 5. d3 Qxd5 6. Nbd2 Be7 7. dxe4 Qd8 8. e5 Nd5 9. Qe4 O-O 10. Bd3 f5 11. exf6 Nxf6 12. Qc4+ Kh8 13. O-O Nc6 14. Re1 Qd6 15. b3 Ng4 16. Bb2 Qc5 17. Qxc5 Bxc5 18. Ne4 Bb6 19. h3 Nh6 20. Neg5 Bf5 21. Ne6 Bxe6 22. Rxe6 Nf5 23. Bxf5 Rxf5 24. Rd1 Rf7 25. c4 Kg8 26. a3 a5 27. Rd5 Ne7 28. Rd7 Nc6 29. Rxf7 Kxf7 30. Ng5+ Kg8 31. b4 axb4 32. axb4 h6 33. c5 hxg5 34. cxb6 cxb6 35. Rg6 Nxb4 36. Rxg7+ Kf8 37. Rxg5 Nd3 38. Bd4 Ra4 39. Bxb6 Rb4 40. Be3 b5 41. h4 Rb1+ 42. Kh2 b4 43. Rd5 Ne1 44. h5 b3 45. h6 Kg8 46. Rd8+ Kh7 47. Rd7+ Kg6 48. h7 b2 49. h8=Q Nf3+ 50. Kg3 1-0


[Site "https://www.chess.com"]

[Event "Titled Tuesday Blitz November 29 Early 2022"]
[White "Sargissyan, Sargis"]
[Black "Kukula, Pawel"]
[WhiteFideId "13303210"]
[BlackFideId "1115081"]
[WhiteElo "2109"]
[BlackElo "2046"]
[Result "0-1"]
[Round "03"]
[TimeControl "180+1"]
[Date "2022.11.30"]
[WhiteClock "0:00:01"]
[BlackClock "0:00:02"]

1. e4 c6 2. Nc3 d5 3. Nf3 Bg4 4. h3 Bxf3 5. Qxf3 e6 6. Be2 Nd7 7. O-O Ngf6 8. d4 dxe4 9. Nxe4 Nxe4 10. Qxe4 Nf6 11. Qh4 Be7 12. c3 O-O 13. Bd3 Re8 14. Bg5 h6 15. Bxf6 Bxf6 16. Qe4 g6 17. Rfe1 Qd5 18. Qf4 Kg7 19. Be4 Qd7 20. Rad1 Rad8 21. Rd3 Qd6 22. Qc1 Bg5 23. Qc2 Re7 24. Rg3 e5 25. dxe5 Qxe5 26. Re2 Qa5 27. Bd3 Rxe2 28. Qxe2 Qxa2 29. h4 Bxh4 30. Rf3 Bf6 31. g3 Qd5 32. Bc4 Qd2 33. Qe4 Qd1+ 34. Kg2 Qd6 35. Qe3 a6 36. Bb3 b5 37. Qe4 c5 38. Bc2 c4 39. Qb7 Rd7 40. Qc8 h5 41. Re3 Rc7 42. Qe8 Qc6+ 0-1


[Site "https://www.chess.com"]

[Event "Titled Tuesday Blitz November 29 Early 2022"]
[White "Schut, Han"]
[Black "Mogranzini, Roberto"]
[WhiteFideId "1005561"]
[BlackFideId "810894"]
[WhiteElo "2024"]
[BlackElo "2469"]
[Result "0-1"]
[Round "03"]
[TimeControl "180+1"]
[Date "2022.11.30"]
[WhiteClock "0:00:04"]
[BlackClock "0:00:58"]

1. e4 c5 2. Nf3 Nc6 3. d4 cxd4 4. Nxd4 Nf6 5. Nc3 h5 6. Be2 g6 7. Be3 Bg7 8. f3 d6 9. Qd2 Bd7 10. O-O Rc8 11. Rad1 Ne5 12. f4 Neg4 13. Nf3 Nxe3 14. Qxe3 Ng4 15. Qxa7 Ra8 16. Qxb7 O-O 17. e5 Ne3 18. exd6 Nxd1 19. Rxd1 Rb8 20. dxe7 Qxe7 21. Qxd7 Qe3+ 22. Kf1 Rxb2 23. Nd5 Qc5 24. Bd3 Rxa2 25. Ne7+ Kh8 26. Bxg6 Ra7 27. Qd5 Qxd5 28. Nxd5 fxg6 29. Ne5 Bxe5 0-1


[Site "https://www.chess.com"]

[Event "Titled Tuesday Blitz November 29 Early 2022"]
[White "Sethuraman, S.P."]
[Black "Yeremyan, Alen"]
[WhiteFideId "5021596"]
[BlackFideId "13308998"]
[WhiteElo "2545"]
[BlackElo "2159"]
[Result "1-0"]
[Round "03"]
[TimeControl "180+1"]
[Date "2022.11.30"]
[WhiteClock "0:01:04"]
[BlackClock "0:00:47"]

1. e4 c5 2. Nf3 Nc6 3. d4 cxd4 4. Nxd4 Nf6 5. Nc3 e5 6. Nde2 d6 7. Ng3 Be7 8. Bg5 Be6 9. Qd2 h6 10. Bxf6 Bxf6 11. Nh5 O-O 12. Nxf6+ Qxf6 13. O-O-O a6 14. Kb1 Rac8 15. Bd3 b5 16. Rhf1 Qf4 17. Qxf4 exf4 18. f3 Ne5 19. Ne2 g5 20. Nd4 Rc7 21. Be2 Rfc8 22. c3 Rd8 23. g3 Ng6 24. Rd2 Kf8 25. Bd1 d5 26. Bb3 Ke8 27. exd5 Bxd5 28. Nxb5 axb5 29. Rxd5 Rxd5 30. Bxd5 f5 31. Be6 Rc5 32. Re1 Kf8 33. Kc2 fxg3 34. hxg3 Kg7 35. b4 Re5 36. Rxe5 Nxe5 37. Bxf5 Nxf3 38. Bd3 Ne5 39. Bxb5 h5 40. a4 h4 41. gxh4 gxh4 42. Bf1 1-0


[Site "https://www.chess.com"]